 Dungeon Sprint DCSS version 0.21.1-1-g345015f (webtiles) character file.

78 rob the Ducker (level 4, -2/29 HPs)
             Began as a Spriggan Berserker on Mar 24, 2018.
             Was a Believer of Trog.
             Slain by a water elemental (15 damage)
             ... in the Dungeon (Sprint III: "The Ten Rune Challenge").
             The game lasted 00:07:22 (1010 turns).

rob the Ducker (Spriggan Berserker)                 Turns: 1010, Time: 00:07:22

Health: -2/29      AC:  4    Str: 14    XL:     4   Next: 15%
Magic:  5/5        EV: 23    Int:  8    God:    Trog [**....]
Gold:   37         SH:  0    Dex: 15    Spells: 3/3 levels left

rFire    . . .     SeeInvis +   d - +3 quarterstaff (chaos)
rCold    . . .     Gourm    .   (shield currently unavailable)
rNeg     . . .     Faith    .   b - +0 animal skin
rPois    .         Spirit   .   (helmet restricted)
rElec    .         Reflect  .   e - +0 cloak
rCorr    .         Harm     .   (gloves unavailable)
MR       .....     Clarity  +   (boots unavailable) Stlth ++........NoTele +
                                (no amulet)
HPRegen  0.09/turn              (no ring)
MPRegen  0.09/turn              (no ring)

@: engulfed (cannot breathe), very quick
A: very small, unfitting armour, rugged brown scales 1, see invisible, clarity,
herbivore, speed 3, robust 1, slow metabolism 2, no potion heal 1
a: Berserk, Trog's Hand, Burn Spellbooks, Renounce Religion


You were in the Dungeon.
You worshipped Trog.
Trog was pleased with you.
You were not hungry.

You visited 1 branch You collected 37 gold pieces.

Inventory:

Hand Weapons
 a - a +0 hand axe
 d - a +3 quarterstaff of chaos (weapon)
Armour
 b - a +0 animal skin (worn)
 e - a +0 cloak (worn)
Scrolls
 f - a scroll of immolation {unknown}
 h - 2 scrolls of identify {unknown}
 i - a scroll of blinking
 j - 2 scrolls of remove curse {unknown}
 k - a scroll of holy word {unknown}
Potions
 g - 2 potions of magic
 l - a potion of degeneration {unknown}
 m - 5 potions of mutation
Comestibles
 c - 3 rations


   Skills:
 + Level 4.3 Fighting
 + Level 5.0 Axes
 + Level 7.6 Dodging
 + Level 0.7 Stealth


You had 3 spell levels left.
You didn't know any spells.

Dungeon Overview and Level Annotations

Branches:
Dungeon (1/1)

Altars:


Innate Abilities, Weirdness & Mutations

You are very small and have problems with some larger weapons.
You are too small for most types of armour.
You have supernaturally acute eyesight. (SInv)
You are a herbivore.
You cover ground extremely quickly.
You need consume almost no food.
You are partially covered in rugged brown scales. (AC +1, +3% HP)
You possess an exceptional clarity of mind.
You are robust. (+10% HP)
Potions are less effective at restoring your health.


Message History

Moving in this stuff is going to be slow.
You open the door.
A water elemental comes into view.
There is an open door to the Ecumenical Temple here.
You hit the water elemental but do no damage.
The water elemental misses you.
You sock the water elemental! You freeze the water elemental.
The water elemental is heavily damaged.
The water elemental hits you.
The water elemental engulfs you in water!
You completely miss the water elemental.
The water elemental is heavily damaged.
Your lungs strain for air!
The water elemental completely misses you.
You hit the water elemental. You freeze the water elemental.
The water elemental is severely damaged.
Your lungs strain for air!
The water elemental hits you!
Ouch! That really hurt!
You die...

▓▓▓▓▓▓▓▓▓▓▓ ▓▓▓
.#..'.....♣♣ ♣.#
.#..#......♣ ♣♣.#
'####....♣.♣ ♣..#
....#....≈♣♣♣♣♣.###+#+##
.)..#...≈≈♣♣..♣.#.......
...(#..≈≈≈≈..♣♣.@E⌠.....
###'#..≈≈≈≈≈≈♣♣.#...####
....#.≈≈≈≈≈≈....#.⌠.#
....#.≈≈≈≈≈÷....#...#
....#.≈≈≈.......#+###
#####...........#
................#
▓▓▓▓▓▓▓▓▓▓▓▓▓▓▓▓▓


You could see a water elemental.

Vanquished Creatures
  Crazy Yiuf (D)
  Jessica (D)
  A human (D)
  An ooze (D)
  2 rats (D)
6 creatures vanquished.

Vanquished Creatures (others)
  2 draconian scorchers (D)
  A yaktaur (D)
  6 hellions (D)
9 creatures vanquished.

Grand Total: 15 creatures vanquished

Notes
Turn   | Place    | Note
-------+----------+-------------------------------------------
     0 | D        | rob the Spriggan Berserker began the quest for the Orb.
     0 | D        | Reached XP level 1. HP: 11/11 MP: 2/2
    12 | D        | Reached skill level 5 in Dodging
    27 | D        | Killed a yaktaur
    89 | D        | Killed a hellion
   104 | D        | Killed a hellion
   110 | D        | Killed a hellion
   111 | D        | Killed a hellion
   118 | D        | Killed a hellion
   127 | D        | Killed a hellion
   189 | D        | Killed a white draconian scorcher
   211 | D        | Killed a white draconian scorcher
   244 | D        | Noticed Jessica
   248 | D        | Reached ** piety under Trog
   258 | D        | Killed Jessica
   258 | D        | Reached skill level 6 in Dodging
   258 | D        | Reached XP level 2. HP: 16/17 MP: 3/3
   258 | D        | Reached XP level 3. HP: 20/21 MP: 4/4
   338 | D        | Reached skill level 7 in Dodging
   669 | D        | Noticed Crazy Yiuf
   688 | D        | Killed Crazy Yiuf
   688 | D        | Reached skill level 5 in Axes
   688 | D        | Reached XP level 4. HP: 8/26 MP: 5/5
   985 | D        | Gained mutation: Your magical capacity is low. (-10% MP) [potion of mutation]
   985 | D        | Gained mutation: You have a somewhat thin skeletal structure. (Dex +2, Stealth) [potion of mutation]
   985 | D        | Gained mutation: Potions are less effective at restoring your health. [potion of mutation]
   985 | D        | Gained mutation: You possess an exceptional clarity of mind. [potion of mutation]
   988 | D        | Lost mutation: You have a somewhat thin skeletal structure. (Dex +2, Stealth) [potion of mutation]
   988 | D        | Lost mutation: Your magical capacity is low. (-10% MP) [potion of mutation]
   988 | D        | Gained mutation: You are robust. (+10% HP) [potion of mutation]
   988 | D        | Gained mutation: You are partially covered in rugged brown scales. (AC +1, +3% HP) [potion of mutation]
  1005 | D        | Noticed a water elemental
  1010 | D        | Slain by a water elemental

Skill      XL: |  1  2  3 |
---------------+----------+-----
Axes           | 4 5 |  5.0
Dodging        | 6 7 |  7.6
Fighting       | 3 4 |  4.3
Stealth        | |  0.7

Action                   |  1- 3 |  4- 6 || total
-------------------------+-------+-------++-------
Melee: Hand axe          |    67 |       ||    67
       Quarterstaff      |       |     4 ||     4
Invok: Trog's Hand       |       |     1 ||     1
  Use: Potion            |     4 |     2 ||     6
Armor: Animal skin       |     2 |     1 ||     3
Dodge: Dodged            |    38 |     2 ||    40
